 Dungeon Crawl Stone Soup version 0.20-a0-435-gf4ea4dd (webtiles) character file.

133 godfroggy the Conjurer (level 4, -11/26 HPs)
             Began as a Deep Elf Conjurer on Jan 5, 2017.
             Mangled by Crazy Yiuf
             ... wielding a +2 quarterstaff of chaos
              (16 damage)
             ... on level 2 of the Dungeon.
             The game lasted 00:13:05 (2196 turns).

godfroggy the Conjurer (Deep Elf Conjurer)          Turns: 2196, Time: 00:13:05

Health: -11/26     AC:  3    Str:  5    XL:     4   Next: 93%
Magic:  9/10       EV: 13    Int: 22    God:
Gold:   114        SH:  0    Dex: 16    Spells: 8/9 levels left

rFire  . . .     SeeInvis .     (no weapon)
rCold  . . .     Gourm    .     a - +1 robe
rNeg   . . .     Faith    .     (no shield)
rPois  .         Spirit   .     (no helmet)
rElec  .         Reflect  .     (no cloak)
rCorr  .         Harm     .     (no gloves)
MR     +....                    (no boots)
Stlth  ++........               (no amulet)
                                (no ring)
                                (no ring)

@: no status effects
A: clever 1, magic resistance 1, robust 1
a: no special abilities


You were on level 2 of the Dungeon.
You were not hungry.

You visited 1 branch of the dungeon, and saw 2 of its levels.

You collected 114 gold pieces.

Inventory:

Armour
 a - a +1 robe (worn)
Scrolls
 h - a scroll of remove curse
Potions
 d - a potion of flight
 e - a potion of agility
 f - a potion of heal wounds
 l - a potion of curing
 n - 2 potions of ambrosia
Books
 b - a book of Conjurations

   Spells                             Type                      Level
   a - Magic Dart                     Conjuration                  1
   b - Searing Ray                    Conjuration                  2
   c - Dazzling Spray                 Conjuration/Hexes            3
   d - Fulminant Prism                Conjuration/Hexes            4
   e - Iskenderun's Mystic Blast      Conjuration                  4
   f - Iskenderun's Battlesphere      Conjuration/Charms           5
Comestibles
 c - 2 bread rations
 g - a meat ration
 j - 3 fruits
 m - a beef jerky


   Skills:
 - Level 2.5 Dodging
 - Level 2.6 Stealth
 - Level 3.1 Spellcasting
 + Level 6.7 Conjurations


You had 8 spell levels left.
You knew the following spells:

 Your Spells              Type           Power        Failure   Level  Hunger
a - Magic Dart            Conj           ####         1%          1    None


Dungeon Overview and Level Annotations

Branches:
Dungeon (2/15)

Altars:

Annotations:
D:2 Crazy Yiuf


Innate Abilities, Weirdness & Mutations

Your mind is acute. (Int +2)
You are resistant to hostile enchantments. (MR+)
You are robust. (+10% HP)


Message History

Aim: Crazy Yiuf, wielding a quarterstaff of chaos and wearing a cloak The magic dart hits Crazy Yiuf.
Crazy Yiuf grits, "Prologue cower tortoise!"
Casting: Magic Dart
Confirm with . or Enter, or press ? or * to list all spells.
Aiming: Magic Dart
Press: ? - help, Shift-Dir - straight line, f/p - Crazy Yiuf
Aim: Crazy Yiuf, wielding a quarterstaff of chaos and wearing a cloak The magic dart hits Crazy Yiuf.
Crazy Yiuf is lightly wounded.
Crazy Yiuf drinks a potion.
Crazy Yiuf goes berserk!
Crazy Yiuf barely misses you.
Crazy Yiuf hits you with a quarterstaff of chaos!!
Ouch! That really hurt!
Crazy Yiuf burns you.
* * * LOW HITPOINT WARNING * * *
Crazy Yiuf barely misses you.
Crazy Yiuf hits you with a quarterstaff of chaos!
Ouch! That really hurt!
You die...

###########....#.# #
#.....# #....#.# #
#.###.######.###.# #
#.# #..........#.######
#.##########...#.....†.
#.........##...#.######
######.....#..)#####
#.....#.#...(.#
#@....#....##.#
##g....##.#.##.#
#....####...##.# ##..##
##..##.# ♣....♣
..>##.#### ♣..♣♣♣
#.#.##..... ♣♣.♣
#.#.####### ♣.♣♣
#...†.. ♣♣.♣ ##.###.


You could see Crazy Yiuf (berserk).

Vanquished Creatures
  6 adders (D:2)
  An ooze (D:2)
  2 worms (D:2)
  2 dart slugs
  2 leopard geckos (D:1)
  A ball python (D:1)
  8 bats
  5 giant cockroaches
  5 goblins
  9 hobgoblins
  4 jackals (D:2)
  4 kobolds
  A quokka (D:2)
  3 frilled lizards
  6 rats
59 creatures vanquished.

Notes
Turn   | Place    | Note
-------+----------+-------------------------------------------
     0 | D:1      | godfroggy the Deep Elf Conjurer began the quest for the Orb.
     0 | D:1      | Reached XP level 1. HP: 10/10 MP: 6/6
   392 | D:1      | Reached XP level 2. HP: 15/15 MP: 1/8
   577 | D:1      | Reached skill level 5 in Conjurations
  1074 | D:1      | Reached XP level 3. HP: 19/19 MP: 6/9
  1494 | D:2      | Reached skill level 6 in Conjurations
  1494 | D:2      | Reached XP level 4. HP: 24/24 MP: 3/10
  2119 | D:2      | Gained mutation: You are robust. (+10% HP) [potion of mutation]
  2119 | D:2      | Gained mutation: Your mind is acute. (Int +2) [potion of mutation]
  2119 | D:2      | Gained mutation: You are resistant to hostile enchantments. (MR+) [potion of mutation]
  2179 | D:2      | Found a runed door.
  2183 | D:2      | Noticed Crazy Yiuf
  2196 | D:2      | Mangled by Crazy Yiuf

Vault maps used:
D:1:      dpeg_arrival_castle, serial_park_tiny_pond, serial_bayou_pond_b
D:2:      first_bread, due_unseen_surprise, uniq_crazy_yiuf_cottage

Skill      XL: |  1  2  3 |
---------------+----------+-----
Conjurations   | 5 6 |  6.7
Dodging        | |  2.5
Stealth        | |  2.6
Spellcasting   | |  3.1

Action                   |  1- 3 |  4- 6 || total
-------------------------+-------+-------++-------
 Cast: Magic Dart        |    74 |    53 ||   127
  Use: Scroll            |     6 |     1 ||     7
       Potion            |       |     3 ||     3
  Eat: Chunk             |     2 |     2 ||     4
Armor: Robe              |     3 |     2 ||     5
Dodge: Dodged            |    15 |    10 ||    25
